 Dungeon Crawl Stone Soup version 0.19.5 (webtiles) character file.

12261 siven the Blocker (level 12, -2/92 HPs)
             Began as a Formicid Fighter on Apr 8, 2017.
             Was a High Priest of Makhleb.
             Slain by a warg (10 damage)
             ... on level 2 of the Orcish Mines.
             The game lasted 00:57:49 (12032 turns).

siven the Blocker (Formicid Fighter)               Turns: 12032, Time: 00:57:50

Health: -2/92      AC: -7    Str: 22    XL:     12   Next: 18%
Magic:  12/12      EV: 17    Int:  8    God:    Makhleb [*****.]
Gold:   726        SH: 13    Dex: 14    Spells: 0 memorised, 11 levels left

rFire  . . .     SeeInvis +     g - +5 long sword
rCold  . . .     Gourm    .     A - +5 ring mail {rPois}
rNeg   . . .     Faith    .     c - +0 shield
rPois  +         Spirit   .     (helmet unavailable)
rElec  .         Reflect  .     (no cloak)
rCorr  .         Harm     +     V - +3 pair of gauntlets of War {Slay+5}
MR     ++...                    (no boots)
Stlth  ++........               v - amulet of harm
                                u - +3 ring of evasion
                                i - ring of protection from magic

@: corroded
A: permanent stasis, dig shafts and tunnels, four strong arms, antennae 3
a: Dig, Shaft Self, Minor Destruction, Lesser Servant of Makhleb, Major
Destruction, Greater Servant of Makhleb, Renounce Religion


You were on level 2 of the Orcish Mines.
You worshipped Makhleb.
Makhleb was extremely pleased with you.
You were very hungry.

You visited 3 branches of the dungeon, and saw 12 of its levels.

You collected 1103 gold pieces.
You spent 377 gold pieces at shops.

Inventory:

Hand Weapons
 a - a +4 mace
 e - a +3 dagger of speed
 g - a +5 long sword (weapon)
 h - a +0 short sword of draining
 k - a +2 vampiric spear
 q - a +2 dire flail of crushing
 I - a +0 flail of holy wrath
 L - a +2 falchion of freezing
 S - a +4 dagger
 T - a +0 trident of piercing
Armour
 c - a +0 shield (worn)
 A - a +5 ring mail of poison resistance (worn)
 V - the +3 pair of gauntlets of War (worn) {Slay+5}
   (You found it on level 8 of the Dungeon)

   It affects your accuracy and damage with ranged weapons and melee attacks
   (+5).
Magical Staves
 D - an uncursed staff of poison {unknown}
Jewellery
 i - a ring of protection from magic (left hand)
 u - a +3 ring of evasion (right hand)
 v - an amulet of harm (around neck)
 W - an uncursed ring of protection from magic
Wands
 r - a wand of polymorph (11/24)
 x - a wand of digging (18/24)
 B - a wand of digging (17/24)
 E - a wand of polymorph (11/24)
 J - a wand of flame (11/48)
 R - a wand of flame (24/48)
 Y - a wand of disintegration (9/24)
Scrolls
 b - a scroll of identify
 l - 2 scrolls of remove curse
 n - a scroll of fear
 p - 2 scrolls of amnesia
 y - a scroll of recharging
 z - 4 scrolls of enchant weapon
 M - a scroll of summoning
 U - a scroll of enchant armour
Potions
 d - a potion of might
 j - 4 potions of mutation
 s - a potion of curing
 C - a potion of flight
 K - a potion of ambrosia
 O - a potion of haste
Books
 m - a book of Flames

   Spells                             Type                      Level
   a - Flame Tongue                   Conjuration/Fire             1
   b - Throw Flame                    Conjuration/Fire             2
   c - Conjure Flame                  Conjuration/Fire             3
   d - Inner Flame                    Hexes/Fire                   3
   e - Sticky Flame                   Conjuration/Fire             4
   f - Fireball                       Conjuration/Fire             5
 G - a book of Maledictions

   Spells                             Type                      Level
   a - Corona                         Hexes                        1
   b - Ensorcelled Hibernation        Hexes/Ice                    2
   c - Confuse                        Hexes                        3
   d - Tukima's Dance                 Hexes                        3
   e - Dazzling Spray                 Conjuration/Hexes            3
 Z - a book of Misfortune

   Spells                             Type                      Level
   a - Confusing Touch                Hexes                        1
   b - Confuse                        Hexes                        3
   c - Gell's Gravitas                Hexes/Translocation          3
   d - Petrify                        Transmutation/Earth          4
   e - Metabolic Englaciation         Hexes/Ice                    5
   f - Yara's Violent Unravelling     Hexes/Transmutation          5
Comestibles
 f - a bread ration
 o - 2 meat rations
 H - 2 beef jerkies


   Skills:
 + Level 7.9 Fighting
 + Level 6.6(8.9) Short Blades
 + Level 9.1(10.0) Long Blades
 + Level 1.7 Polearms
 + Level 7.8 Armour
 + Level 5.6 Dodging
 + Level 5.1 Stealth
 + Level 11.3 Shields


You had 11 spell levels left.
You didn't know any spells.

Dungeon Overview and Level Annotations

Branches:
Dungeon (9/15)             Temple (1/1) D:6            Lair (0/6) D:8
    Orc (2/2) D:9
    Elf: Orc:2

Altars:
Ashenzari
Cheibriados
Dithmenos
Elyvilon
Fedhas
Gozag
Hepliaklqana
Kikubaaqudgha
Makhleb
Nemelex Xobeh
Okawaru
Qazlal
Ru
Sif Muna
Trog
Uskayaw
Vehumet
Xom
Yredelemnul
Zin
The Shining One

Shops:
Orc:1 *


Innate Abilities, Weirdness & Mutations

You are under a permanent stasis effect.
You can dig through walls and to a lower floor.
Your four strong arms can wield two-handed weapons with a shield.
You have a pair of large antennae on your head. (SInv)


Message History

You block the warg's attack. You block the red devil's attack.
The orc high priest hits you from afar with a trident.
* * * LOW HITPOINT WARNING * * *
The rust devil hits you.
* * * LOW HITPOINT WARNING * * *
The rust devil corrodes you!
An orc comes into view. It is wielding a falchion.
The orc shouts!
You hear a shout!
The rust devil hits you!
* * * LOW HITPOINT WARNING * * *
The rust devil corrodes you!
The orc priest hits you with a falchion!
* * * LOW HITPOINT WARNING * * *
Items here: ))) †† a flail; a hand axe; a dagger; an orc corpse x2
As you read the scroll of fear, it crumbles to dust.
You assume a fearsome visage.
The rust devil is unaffected. x2
The red devil is unaffected.
The orc looks frightened! x2
The orc priest looks frightened!
The warg easily resists.
The warg bites you!
You die...

#................... .
##................... ..##
#....................
....###...................
....#.#..................
#.......................
####.#§§§§§§......<.......
......{44o§§..............
.....oo4h@o§..............
#..###o###o#######..######
#. #{ #.# #..#{{{ { #{ #.#
#..# {{{ {{{.{ {.. ...# {
.{{ .# #..# 8..{ .# .#


You could see 2 rust devils, a warg, a red devil, an orc priest (fleeing) and 2
orcs.

Vanquished Creatures
  Erolcha (D:9)
  An orc high priest (Orc:2)
  The ghost of Hahodo the Basher, a novice MiBe of Trog (D:8)
  A cyclops (Orc:1)
  An orc sorcerer (Orc:1)
  The ghost of siven the Shield-Bearer, a novice FoFi of Qazlal (D:4)
  A troll (Orc:1)
  6 two-headed ogres (D:9)
  Grinder (D:5)
  A hippogriff (D:9)
  A wyvern (D:8)
  3 hungry ghosts
  2 wargs
  Edmund (D:5)
  A water moccasin (D:9)
  Duvessa (D:5)
  A black bear (D:9)
  4 orc warriors
  2 ice beasts
  A phantom (D:9)
  24 ogres
  5 centaurs
  3 big kobolds (D:4)
  Blork the orc (D:6)
  2 bullfrogs
  A gnoll sergeant (D:8)
  Dowan (D:5)
  4 scorpions
  19 wights
  2 howler monkeys
  A bullfrog zombie (D:6)
  6 crimson imps
  A centaur zombie (D:6)
  A jelly (D:5)
  4 orc priests
  3 centaur skeletons
  5 hounds
  2 bullfrog skeletons
  2 iguanas (D:4)
  8 orc wizards
  13 worker ants
  An ogre zombie (D:9)
  A hound skeleton (D:4)
  5 adders
  15 gnolls
  4 shadow imps
  2 oozes
  3 worms
  A dart slug (D:1)
  5 leopard geckos
  55 orcs
  2 giant cockroaches
  5 goblins
  8 hobgoblins
  4 jackals
  57 kobolds
  4 quokkas
  A ball python (D:3)
  A ball python zombie (D:6)
  2 bats (D:3)
  4 frilled lizards
  A leopard gecko skeleton (D:6)
  2 leopard gecko zombies (D:5)
  8 rats
331 creatures vanquished.

Notes
Turn   | Place    | Note
-------+----------+-------------------------------------------
     0 | D:1      | siven the Formicid Fighter began the quest for the Orb.
     0 | D:1      | Reached XP level 1. HP: 18/18 MP: 1/1
   106 | D:1      | Reached XP level 2. HP: 10/24 MP: 2/2
   375 | D:1      | Reached XP level 3. HP: 15/29 MP: 3/3
   629 | D:1      | Reached skill level 4 in Shields
  1162 | D:2      | Reached XP level 4. HP: 37/37 MP: 4/4
  1180 | D:2      | Reached skill level 1 in Short Blades
  1647 | D:3      | Found a burning altar of Makhleb.
  1659 | D:3      | Became a worshipper of Makhleb the Destroyer
  1744 | D:3      | Noticed a bullfrog
  1757 | D:3      | Killed a bullfrog
  1757 | D:3      | Reached XP level 5. HP: 34/42 MP: 5/5
  2062 | D:3      | Reached skill level 5 in Shields
  2069 | D:3      | Reached XP level 6. HP: 24/48 MP: 6/6
  2527 | D:3      | Reached * piety under Makhleb
  2893 | D:4      | Noticed an ogre
  2913 | D:4      | Killed an ogre
  2913 | D:4      | Reached skill level 1 in Dodging
  2970 | D:4      | Reached XP level 7. HP: 47/54 MP: 7/7
  3195 | D:4      | Reached skill level 5 in Armour
  3868 | D:4      | Noticed siven's ghost (novice FoFi)
  3932 | D:4      | Killed siven's ghost
  3932 | D:4      | Reached skill level 1 in Stealth
  3932 | D:4      | Reached skill level 6 in Shields
  3932 | D:4      | Reached XP level 8. HP: 34/61 MP: 8/8
  4804 | D:4      | Reached ** piety under Makhleb
  5233 | D:4      | Reached *** piety under Makhleb
  5233 | D:4      | Reached skill level 5 in Short Blades
  5277 | D:4      | Reached skill level 5 in Fighting
  5277 | D:4      | Reached skill level 7 in Shields
  5604 | D:5      | Entered Level 5 of the Dungeon
  5622 | D:5      | Reached XP level 9. HP: 68/68 MP: 9/9
  5638 | D:5      | Noticed Edmund
  5866 | D:5      | Killed Edmund
  6030 | D:5      | Reached skill level 8 in Shields
  6063 | D:5      | Noticed Duvessa
  6063 | D:5      | Noticed Dowan
  6155 | D:5      | Killed Duvessa
  6180 | D:5      | Killed Dowan
  6234 | D:5      | Noticed Grinder
  6291 | D:5      | Killed Grinder
  6571 | D:5      | Found a deep blue altar of Sif Muna.
  6571 | D:5      | Found a shimmering altar of Xom.
  6572 | D:5      | Found a glowing silver altar of Zin.
  7154 | D:6      | Reached **** piety under Makhleb
  7212 | D:6      | Reached XP level 10. HP: 67/76 MP: 10/10
  7421 | D:6      | Found a staircase to the Ecumenical Temple.
  7435 | Temple   | Entered the Ecumenical Temple
  7722 | D:6      | Noticed Blork the orc
  7738 | D:6      | Killed Blork the orc
  7738 | D:6      | Reached skill level 9 in Shields
  8009 | D:7      | Reached skill level 5 in Long Blades
  9005 | D:8      | Found an iron altar of Okawaru.
  9040 | D:8      | Found a staircase to the Lair.
  9362 | D:8      | Noticed Hahodo's ghost (novice MiBe)
  9397 | D:8      | Killed Hahodo's ghost
  9397 | D:8      | Reached skill level 1 in Polearms
  9636 | D:8      | Reached ***** piety under Makhleb
 10054 | D:9      | Reached XP level 11. HP: 83/83 MP: 11/11
 10058 | D:9      | Reached skill level 10 in Shields
 10277 | D:9      | Found a staircase to the Orcish Mines.
 10471 | D:9      | Reached skill level 5 in Dodging
 10556 | D:9      | Noticed Erolcha
 10586 | D:9      | Killed Erolcha
 10586 | D:9      | Reached skill level 5 in Stealth
 11196 | Orc:1    | Entered Level 1 of the Orcish Mines
 11337 | Orc:1    | Noticed a cyclops
 11339 | Orc:1    | Noticed an orc sorcerer
 11347 | Orc:1    | Killed a cyclops
 11347 | Orc:1    | Reached skill level 11 in Shields
 11347 | Orc:1    | Reached XP level 12. HP: 61/92 MP: 12/12
 11882 | Orc:1    | Found Hedumoh's General Store.
 11893 | Orc:1    | Bought a scroll of identify for 26 gold pieces
 11893 | Orc:1    | Bought a scroll of identify for 26 gold pieces
 11893 | Orc:1    | Bought 2 scrolls of identify for 52 gold pieces
 11893 | Orc:1    | Bought a +3 ring of evasion for 273 gold pieces
 11962 | Orc:2    | Entered Level 2 of the Orcish Mines
 11995 | Orc:2    | Noticed an orc high priest
 12004 | Orc:2    | Noticed a soul eater
 12011 | Orc:2    | Killed an orc high priest
 12015 | Orc:2    | Noticed an orc high priest
 12032 | Orc:2    | Slain by a warg

Skill      XL: |  1  2  3  4  5  6  7  8  9 10 11 12 |
---------------+-------------------------------------+-----
Shields        | 4 5 6 7 8 9 11 | 11.3
Armour         | 4 5 6 7 |  7.8
Short Blades   | 2 3 4 5 6 |  6.6
Fighting       | 4 5 6 7 |  7.9
Dodging        | 1 2 3 4 5 |  5.6
Stealth        | 1 2 3 4 5 |  5.1
Long Blades    | 3 5 8 9 |  9.1
Polearms       | 1 |  1.7

Action                   |  1- 3 |  4- 6 |  7- 9 | 10-12 || total
-------------------------+-------+-------+-------+-------++-------
Melee: Dagger            |   123 |   213 |   794 |       ||  1130
       Long sword        |       |    32 |    77 |   277 ||   386
       Falchion          |       |       |       |   275 ||   275
       Trident           |       |       |       |    23 ||    23
 Abil: Dig               |       |       |       |     2 ||     2
  Use: Scroll            |     3 |     6 |     8 |     9 ||    26
       Potion            |       |     1 |     3 |     2 ||     6
 Stab: Invisible         |       |       |     4 |       ||     4
       Sleeping          |       |       |       |     3 ||     3
       Distracted        |       |       |       |     1 ||     1
  Eat: Chunk             |     1 |       |     3 |       ||     4
       Fruit             |       |     2 |       |       ||     2
       Bread ration      |       |     1 |     1 |     3 ||     5
       Beef jerky        |       |       |     2 |       ||     2
       Pizza             |       |       |     1 |     1 ||     2
       Meat ration       |       |       |     1 |       ||     1
Armor: Scale mail        |    25 |       |       |       ||    25
       Plate armour      |    15 |    48 |       |       ||    63
       Ring mail         |       |    22 |   176 |   133 ||   331
Dodge: Dodged            |    19 |    47 |   224 |   256 ||   546
Block: Shield            |    39 |    95 |   363 |   327 ||   824
       Rpst.: Long sword |       |     1 |    11 |    31 ||    43
       Falchion          |       |       |       |    24 ||    24
